[Event "Early-Titled-Tuesday-Blitz-May-14-2024"]
[Site "Chess.com"]
[Date "2024.05.14"]
[Round "9"]
[White "hakanazeri2"]
[Black "Szparu"]
[Result "0-1"]
[WhiteElo "2594"]
[BlackElo "2860"]
[TimeControl "180+1"]
[EndTime "9:46:15 PDT"]
[Termination "Szparu won by resignation"]

1. Nf3 d5 2. d4 Nf6 3. c4 c6 4. Nc3 dxc4 5. a4 Bf5 6. Ne5 Nbd7 7.
Nxc4 Qc7 8. g3 e5 9. dxe5 Nxe5 10. Bf4 Nfd7 11. Bg2 g5 12. Ne3 gxf4 13. Nxf5 O-O-O 14. Qc2 fxg3 15. hxg3 Kb8 16. O-O a5 17. Rad1 Nc5 18. Rxd8+ Qxd8 19. Rb1 Ne6 20. Qe4 Qc7 21. Rc1 Bc5 22.
e3 h5 23. b4 axb4 24. Na2 b3 25. Nc3 Ng5 26. Qf4 f6 27. Rb1 Nef3+ 28. Kh1 Nd2 29. Rb2 Rd8 30. Nd4 Bxd4 31. exd4 Qxf4 32. gxf4 Ngf3 33. d5 h4 34. dxc6 Rg8 35. Ne4 h3 36. Bxf3 Nxf3 37. Ng3 Rd8 38. Rb1 Rd2 39. Rf1 b2 40. Ne4 Rc2 41. c7+ Kxc7 0-1

[Event "Early-Titled-Tuesday-Blitz-May-14-2024"]
[Site "Chess.com"]
[Date "2024.05.14"]
[Round "9"]
[White "GothamChess"]
[Black "Vesper2018"]
[Result "1-0"]
[WhiteElo "2733"]
[BlackElo "2561"]
[TimeControl "180+1"]
[EndTime "9:46:16 PDT"]
[Termination "GothamChess won by resignation"]

1. e4 c5 2. Nc3 d6 3. d4 cxd4 4. Qxd4 Nc6 5. Qd2 g6 6. b3 Bh6 7. f4 Nf6 8. Bb2 e5 9. g3 O-O 10. O-O-O Bg4 11. Be2 Nd4 12. Bxg4 Nxg4 13. Kb1 f5 14.
exf5 Nxf5 15. Nd5 Nf6 16. Nf3 Nd7 17. Qe2 Re8 18. Rhe1 Bg7 19. Qc4 b5 20. Qxb5 Qc8 21.
fxe5 Nxe5 22. Nxe5 dxe5 23. g4 Nh4 24. g5 Qf5 25.
Nc7 e4 26. Qc4+ Kh8 27. Bxg7+ Kxg7 28. Nxa8 1-0

[Event "Early-Titled-Tuesday-Blitz-May-14-2024"]
[Site "Chess.com"]
[Date "2024.05.14"]
[Round "9"]
[White "Fjal"]
[Black "ural58"]
[Result "1-0"]
[WhiteElo "2346"]
[BlackElo "2458"]
[TimeControl "180+1"]
[EndTime "9:46:16 PDT"]
[Termination "Fjal won by checkmate"]

1. Nf3 d5 2. g3 Nc6 3. Bg2 e5 4. d3 Bg4 5. O-O Qd7 6. c4 Nf6 7. cxd5 Nxd5 8. Nc3 Nxc3 9. bxc3 Bd6 10. Rb1 Nd8 11. d4 e4 12. Ng5 f5 13. f3 Bh5 14.
fxe4 h6 15. Nh3 O-O 16. e5 Be7 17. Nf4 Bf7 18. d5 Bc5+ 19. Kh1 Qe7 20. Nd3 Bb6 21. Rxf5 c6 22. e4 Bg6 23. Rxf8+ Qxf8 24. Qg4 Bh7 25.
Bxh6 Nf7 26. Bf4 cxd5 27. exd5 Bxd3 28. Rd1 Bc2 29. Rc1 Bh7 30. e6 Nd6 31. Rf1 Qe7 32.
Bg5 Qc7 33. e7 Re8 34. Qe6+ Kh8 35. Rf8+ Bg8 36. Qxg8# 1-0

[Event "Early-Titled-Tuesday-Blitz-May-14-2024"]
[Site "Chess.com"]
[Date "2024.05.14"]
[Round "9"]
[White "EvgenyBurmakin"]
[Black "tarno17"]
[Result "0-1"]
[WhiteElo "2306"]
[BlackElo "2188"]
[TimeControl "180+1"]
[EndTime "9:46:18 PDT"]
[Termination "tarno17 won on time"]

1. e4 c5 2. Nc3 e6 3. Nf3 a6 4. d4 cxd4 5. Nxd4 Qc7 6. a3 b5 7. f4 Nc6 8. Nxc6 dxc6 9. Be3 Nf6 10. g4 h5 11. gxh5 Nxh5 12. Qf3 b4 13. axb4 Bxb4 14. Bd3 Bb7 15. Rg1 c5 16. Rg5 g6 17. Re5 c4 18. Be2 Bd6 19. Rea5 Nxf4 20. Bg1 Nh3 21. Qg2 Nxg1 22. Qxg1 Bxh2 23. Qd4 Bg3+ 24. Kf1 Qf4+ 25. Kg1 Bh2+ 0-1

[Event "Early-Titled-Tuesday-Blitz-May-14-2024"]
[Site "Chess.com"]
[Date "2024.05.14"]
[Round "9"]
[White "crescentmoon2411"]
[Black "Niilo1"]
[Result "1-0"]
[WhiteElo "2857"]
[BlackElo "2365"]
[TimeControl "180+1"]
[EndTime "9:46:20 PDT"]
[Termination "crescentmoon2411 won by checkmate"]

1. d4 Nf6 2. Nf3 d5 3. Bf4 e6 4.
e3 c5 5. Nbd2 Nc6 6. c3 Nh5 7.
Bg5 f6 8. Bh4 g6 9. dxc5 Bxc5 10. b4 Be7 11. b5 Na5 12. Be2 O-O 13. O-O Bd7 14. c4 Be8 15. a4 g5 16. Bg3 Nxg3 17.
hxg3 Bg6 18. Nd4 Qd6 19. cxd5 Qxd5 20. Bf3 Qd7 21. N2b3 Nxb3 22. Qxb3 Bf7 23. Qb1 Rfd8 24. Rd1 Qc7 25. Qe4 e5 26. Nf5 Rab8 27. Nh6+ Kg7 28. Nxf7 Rxd1+ 29. Rxd1 Kxf7 30. Qxh7+ Kf8 31. Qh8+ Kf7 32.
Bh5+ Ke6 33. Qh7 Rf8 34. e4 f5 35. exf5+ Rxf5 36. Qg8+ Kf6 37. Qg6# 1-0

[Event "Early-Titled-Tuesday-Blitz-May-14-2024"]
[Site "Chess.com"]
[Date "2024.05.14"]
[Round "9"]
[White "Felix-Rose"]
[Black "jaramsdal"]
[Result "1-0"]
[WhiteElo "2269"]
[BlackElo "2372"]
[TimeControl "180+1"]
[EndTime "9:46:20 PDT"]
[Termination "Felix-Rose won by resignation"]

1. e4 c5 2. Nf3 d6 3. d4 cxd4 4. Nxd4 Nf6 5. Nc3 g6 6. Be3 Bg7 7. f3 O-O 8. Qd2 Nc6 9. O-O-O d5 10. Nxc6 bxc6 11. exd5 Nxd5 12. Bd4 e5 13. Bc5 Re8 14. Ne4 f5 15. Nd6 Re6 16. Nxc8 Qxc8 17. Bc4 Qb7 18.
Bxd5 cxd5 19. Qxd5 Qxd5 20. Rxd5 e4 21. fxe4 Rxe4 22.
Rhd1 Re2 23. Rd8+ Rxd8 24. Rxd8+ Kf7 25. Rd7+ Kg8 26. b4 a6 27. Rd8+ Kf7 28. Rd7+ Kg8 29. Ra7 Bc3 30. Rd7 Rxg2 31. a4 f4 32. Kb1 f3 33. Rd8+ Kf7 34. Rf8+ Ke6 35. Rxf3 Be5 36. h3 Rg3 37. Rxg3 Bxg3 38. c4 Bd6 39. Bxd6 Kxd6 40. b5 axb5 41. axb5 g5 42. Kc2 h5 43. Kd3 Kc5 44. Ke4 Kb6 45. Kf5 g4 46. hxg4 h4 47. Kf4 Kc5 48. g5 Kxc4 49. b6 h3 50. Kg3 h2 51. Kxh2 Kc5 52. b7 1-0

[Event "Early-Titled-Tuesday-Blitz-May-14-2024"]
[Site "Chess.com"]
[Date "2024.05.14"]
[Round "9"]
[White "chess_sharparchitect"]
[Black "guillembaches"]
[Result "1-0"]
[WhiteElo "2347"]
[BlackElo "2545"]
[TimeControl "180+1"]
[EndTime "9:46:21 PDT"]
[Termination "chess_sharparchitect won on time"]

1. c4 e5 2. Nc3 Nf6 3. Nf3 Nc6 4. e3 d5 5. cxd5 Nxd5 6. Bb5 Nxc3 7. bxc3 Bd6 8. d4 exd4 9. cxd4 O-O 10. O-O Bg4 11.
h3 Bh5 12. Be2 Re8 13. Rb1 Rb8 14. Bb2 Nb4 15. a3 Nd5 16. Qb3 c6 17. Rbc1 Bc7 18.
Qc2 Qd6 19. Ne5 Bg6 20. Bd3 Bxd3 21. Qxd3 Rbd8 22. Nf3 Qh6 23. Ne5 Nf6 24. Qf5 Bxe5 25. dxe5 Nd5 26. Rfd1 Qe6 27. Qg5 Nb6 28. Rxd8 f6 29.
exf6 g6 30. Rxe8+ Qxe8 31. f7+ 1-0

[Event "Early-Titled-Tuesday-Blitz-May-14-2024"]
[Site "Chess.com"]
[Date "2024.05.14"]
[Round "9"]
[White "MatthewG-p4p"]
[Black "sergoy"]
[Result "0-1"]
[WhiteElo "2843"]
[BlackElo "3009"]
[TimeControl "180+1"]
[EndTime "9:46:22 PDT"]
[Termination "sergoy won by resignation"]

1. e4 c5 2. c3 Nf6 3. e5 Nd5 4. Nf3 e6 5. Bc4 Nc6 6. d4 cxd4 7. cxd4 d6 8. O-O Be7 9. Bd2 O-O 10. Nc3 Nxc3 11.
Bxc3 dxe5 12. dxe5 b6 13. Qe2 Bb7 14. Rfd1 Qc7 15.
Nd4 Nxd4 16. Rxd4 Rfd8 17. Rad1 Rxd4 18. Rxd4 Rd8 19. Rxd8+ Qxd8 20. Qd3 Qc7 21. Bb5 Bd5 22. a3 Qb7 23. f3 Qc7 24. Ba4 Qc5+ 25. Qd4 Qc7 26. Qd3 h5 27. Qb5 Bxa3 28. Qe8+ Bf8 29.
h4 Qc5+ 30. Kh2 Qe3 31. Bc6 Bxc6 32. Qxc6 Qf4+ 33. Kh3 Bc5 34. Qe8+ Kh7 35. Qb5 Bf2 36. Qd3+ g6 0-1

[Event "Early-Titled-Tuesday-Blitz-May-14-2024"]
[Site "Chess.com"]
[Date "2024.05.14"]
[Round "9"]
[White "bescmelasti"]
[Black "sokidze"]
[Result "1/2-1/2"]
[WhiteElo "2631"]
[BlackElo "2797"]
[TimeControl "180+1"]
[EndTime "9:46:24 PDT"]
[Termination "Game drawn by repetition"]

1. e4 c5 2. Nf3 e6 3. d3 Nc6 4. g3 g6 5. Bg2 Bg7 6. O-O Nge7 7. c3 e5 8. Na3 O-O 9. Nc4 d6 10. a3 h6 11. b4 b5 12. Ne3 Be6 13. Bb2 a5 14. d4 exd4 15. cxd4 axb4 16. axb4 Nxb4 17. Qd2 f6 18. Rxa8 Qxa8 19. dxc5 dxc5 20. Qd6 Qc6 21. Qxe7 Re8 22. Qa7 Ra8 23. Qe7 Re8 24.
Qa7 Ra8 25. Qe7 Re8 1/2-1/2

[Event "Early-Titled-Tuesday-Blitz-May-14-2024"]
[Site "Chess.com"]
[Date "2024.05.14"]
[Round "9"]
[White "th3d4rkness"]
[Black "GMthekingindian"]
[Result "0-1"]
[WhiteElo "2159"]
[BlackElo "2296"]
[TimeControl "180+1"]
[EndTime "9:46:24 PDT"]
[Termination "GMthekingindian won on time"]

1. e4 c5 2. Nc3 e6 3. d4 cxd4 4.
Qxd4 Nc6 5. Qd3 Nf6 6. Bf4 Bb4 7.
Ne2 a6 8. O-O-O Qa5 9. Kb1 O-O 10. Bd6 Ne5 11. Qd4 Bxd6 12. Qxd6 Nc4 13. Qd4 b5 14. Nc1 Bb7 15. f3 Rac8 16. Nb3 Qc7 17. g4 d5 18. g5 e5 19. Qf2 Nxb2 20. gxf6 Qxc3 0-1

[Event "Early-Titled-Tuesday-Blitz-May-14-2024"]
[Site "Chess.com"]
[Date "2024.05.14"]
[Round "9"]
[White "MariaFominykh"]
[Black "manitodeplomo"]
[Result "0-1"]
[WhiteElo "2346"]
[BlackElo "2566"]
[TimeControl "180+1"]
[EndTime "9:46:25 PDT"]
[Termination "manitodeplomo won on time"]

1. d4 c5 2. d5 g6 3. e4 Bg7 4. Nf3 d6 5. Be2 Nf6 6. Nbd2 O-O 7. O-O e6 8. dxe6 Bxe6 9. Re1 Nc6 10. h3 Qc7 11. Bc4 Rfe8 12. Bxe6 Rxe6 13. Ng5 Re7 14. Nc4 h6 15. Nf3 Nxe4 16. Bf4 Rd8 17. Ne3 Re6 18. Nd5 Qd7 19. c3 Ne7 20. Qd3 Nxd5 21. Qxd5 Rde8 22. Re3 Nf6 23. Qd2 Ne4 24. Qd5 Qc6 25.
Qxc6 bxc6 26. Rd1 d5 27. Red3 c4 28. Re3 a5 29. Nd4 Bxd4 30. Rxd4 g5 31. Bc7 a4 32. f3 Nc5 33. Rxe6 Rxe6 34. Rd2 f5 35. Kh2 Kf7 36.
Bb6 Nd3 37. Bd4 Kg6 38. Rc2 Nf4 39. Rd2 Re2 40. Rxe2 Nxe2 41. Kh1 Nxd4 42. cxd4 a3 43. bxa3 c3 0-1

[Event "Early-Titled-Tuesday-Blitz-May-14-2024"]
[Site "Chess.com"]
[Date "2024.05.14"]
[Round "9"]
[White "vaishali2001"]
[Black "vladgoncharov"]
[Result "1-0"]
[WhiteElo "2698"]
[BlackElo "2571"]
[TimeControl "180+1"]
[EndTime "9:46:26 PDT"]
[Termination "vaishali2001 won on time"]

1. e4 e6 2. d4 d5 3. Nd2 c5 4.
exd5 Qxd5 5. Ngf3 cxd4 6. Bc4 Qd8 7. O-O Nc6 8. Qe2 a6 9. Rd1 b5 10. Bb3 Nf6 11. Ne4 Be7 12. Bg5 O-O 13. c3 Nxe4 14.
Qxe4 Bb7 15. Bc2 g6 16. Bh6 Re8 17. Nxd4 Nxd4 18. Qxb7 Ne2+ 19. Kf1 Bd6 20. Qe4 Qc7 21. Qxe2 Bxh2 22. g3 Bxg3 23. fxg3 Qxg3 24. Qg2 1-0

[Event "Early-Titled-Tuesday-Blitz-May-14-2024"]
[Site "Chess.com"]
[Date "2024.05.14"]
[Round "9"]
[White "Raud100"]
[Black "NowInChess"]
[Result "1-0"]
[WhiteElo "2351"]
[BlackElo "2244"]
[TimeControl "180+1"]
[EndTime "9:46:28 PDT"]
[Termination "Raud100 won on time"]

1. d4 Nf6 2. c4 c5 3. d5 b5 4.
cxb5 a6 5. bxa6 g6 6. Nc3 Bg7 7. d6 O-O 8. Nf3 Re8 9. g3 Nxa6 10. Bg2 Bb7 11. O-O Qb6 12. dxe7 Rxe7 13. Rb1 d5 14. e3 Rd8 15. b3 d4 16. exd4 cxd4 17.
Na4 Qd6 18. Bf4 Qb4 19. Bd2 Qd6 20. b4 Nd5 21. b5 Nc5 22. Nxc5 Qxc5 23. Qb3 Nc3 24.
Bxc3 dxc3 25. a4 Bd5 26. Qb4 Qxb4 27. Rxb4 c2 28. Rc1 Re2 29. Nd4 Bxg2 30. Nxe2 Bf3 31. Nd4 Bxd4 32. Rxc2 Bc5 33. Rb1 Be4 34. Rxc5 Bxb1 35.
f3 Bd3 36. Kf2 Kg7 37. Ke3 Bf5 38. g4 Be6 39. b6 Ra8 40. a5 Bd7 41. b7 Rb8 42. a6 1-0

[Event "Early-Titled-Tuesday-Blitz-May-14-2024"]
[Site "Chess.com"]
[Date "2024.05.14"]
[Round "9"]
[White "PonyQueen07"]
[Black "Carolinamazariegos88"]
[Result "1-0"]
[WhiteElo "2113"]
[BlackElo "1696"]
[TimeControl "180+1"]
[EndTime "9:46:28 PDT"]
[Termination "PonyQueen07 won by resignation"]

1. c4 f5 2. Nc3 Nf6 3. g3 g6 4. Bg2 Bg7 5. Nf3 d6 6. O-O O-O 7. d4 Nc6 8. Bg5 Qe8 9. d5 Ne5 10.
Nxe5 dxe5 11. Bxf6 Bxf6 12. c5 a6 13. Qb3 Kh8 14.
Rfd1 c6 15. dxc6 bxc6 16. Qb6 Bd7 17. Rxd7 Qxd7 18. Bxc6 Qd2 19. Bxa8 Rxa8 20. c6 e4 21. Rd1 Qc2 22. Rd8+ Rxd8 23. Qxd8+ Kg7 24. c7 Bxc3 25. bxc3 Qxe2 26. c8=Q Kh6 27. Qc5 Qe1+ 28. Kg2 Qe2 29. Qe3+ 1-0

[Event "Early-Titled-Tuesday-Blitz-May-14-2024"]
[Site "Chess.com"]
[Date "2024.05.14"]
[Round "9"]
[White "BelyakovBogdan"]
[Black "rollercoaster29"]
[Result "1-0"]
[WhiteElo "2604"]
[BlackElo "2451"]
[TimeControl "180+1"]
[EndTime "9:46:29 PDT"]
[Termination "BelyakovBogdan won by resignation"]

1. e4 e5 2. Nf3 Nc6 3. Nc3 Nf6 4. Bb5 Bb4 5. O-O O-O 6. Bxc6 bxc6 7. Nxe5 Bxc3 8. dxc3 Re8 9. Nd3 Nxe4 10. Re1 d6 11. f3 Nf6 12. Bg5 Be6 13. Qd2 c5 14. b3 h6 15. Bh4 g5 16. Bf2 Nd7 17. h4 Qf6 18. hxg5 hxg5 19. Be3 g4 20. fxg4 Bxg4 21.
Nf4 Ne5 22. Nd5 Qg6 23. Bg5 Kf8 24. Nxc7 Bd7 25. Nxa8 Rxa8 26. Rad1 Bc6 27. Qxd6+ Kg8 28. Qxg6+ Nxg6 29. Rd8+ Rxd8 30. Bxd8 1-0

[Event "Early-Titled-Tuesday-Blitz-May-14-2024"]
[Site "Chess.com"]
[Date "2024.05.14"]
[Round "9"]
[White "PawnEatingZombie"]
[Black "Gangster-accountant01"]
[Result "0-1"]
[WhiteElo "2299"]
[BlackElo "2556"]
[TimeControl "180+1"]
[EndTime "9:46:29 PDT"]
[Termination "Gangster-accountant01 won on time"]

1. e4 g6 2. d4 d6 3. Nf3 Bg7 4. c3 Nf6 5. Bd3 O-O 6. O-O c5 7. h3 cxd4 8. cxd4 Nc6 9. Nc3 a6 10. d5 Ne5 11. Nxe5 dxe5 12. Be3 b5 13. a4 b4 14. Na2 a5 15. Nc1 e6 16. dxe6 Bxe6 17. Nb3 Nxe4 18. Nxa5 Nxf2 19. Rxf2 Qxa5 20. Bb5 Rfb8 21.
Rc1 Rd8 22. Rd2 Rxd2 23. Qxd2 Rd8 24. Qf2 b3 25. Bb6 Qd2 26. Qxd2 Rxd2 27. a5 Bh6 28. a6 Bd5 29. Rc8+ Kg7 30. a7 Rxg2+ 31. Kf1 Rxb2 32. Rd8 Bf3 33. Bc7 Bf4 34. a8=Q Bxa8 35. Rxa8 Rc2 36.
Bd3 Rxc7 37. Rb8 Rc3 38. Be4 Re3 39. Bb1 Rxh3 40. Kg2 Rh2+ 41. Kf3 b2 42. Ke4 Re2+ 43. Kd5 Bc1 44. Rb7 Re3 45. Kc4 Ra3 0-1

[Event "Early-Titled-Tuesday-Blitz-May-14-2024"]
[Site "Chess.com"]
[Date "2024.05.14"]
[Round "9"]
[White "Denisenko_Denis"]
[Black "ChessBliss09"]
[Result "1-0"]
[WhiteElo "2418"]
[BlackElo "2239"]
[TimeControl "180+1"]
[EndTime "9:46:30 PDT"]
[Termination "Denisenko_Denis won by checkmate"]

1. e4 e5 2. Nf3 Nc6 3. Bc4 Bc5 4. c3 Nf6 5. d3 O-O 6. O-O d6 7. Nbd2 a6 8. Bb3 b5 9. h3 Be6 10. Bc2 Ne7 11. d4 exd4 12. cxd4 Bb6 13. Re1 Re8 14. Nf1 Ng6 15. Ng3 Bd7 16. Bg5 h6 17. Be3 Bc6 18. d5 Bxe3 19. Rxe3 Bb7 20. Nd4 Ne5 21. Ngf5 Nc4 22. Rg3 g6 23. Nxh6+ Kh7 24.
Nxf7 Qe7 25. Ng5+ Kg8 26. Nge6 Kf7 27. b3 Ne5 28. f4 Nh5 29. fxe5 dxe5 30. Rf3+ Kg8 31.
Ne2 Bc8 32. Qd2 Bxe6 33. dxe6 Qxe6 34. Qh6 Rf8 35. Raf1 Rxf3 36. Rxf3 Ng7 37. b4 g5 38. Bb3 Qxb3 39. axb3 a5 40. Qg6 axb4 41. Rf7 Ra1+ 42. Kf2 Rf1+ 43. Kxf1 c5 44. Qxg7# 1-0

[Event "Early-Titled-Tuesday-Blitz-May-14-2024"]
[Site "Chess.com"]
[Date "2024.05.14"]
[Round "9"]
[White "emiliocordova"]
[Black "jefferyx"]
[Result "0-1"]
[WhiteElo "2905"]
[BlackElo "3088"]
[TimeControl "180+1"]
[EndTime "9:46:37 PDT"]
[Termination "jefferyx won by resignation"]

1. d4 g6 2. Bg5 Bg7 3. e3 c5 4. c3 b6 5. Nd2 Bb7 6. Ngf3 Nf6 7. a4 a6 8. Bd3 d6 9. O-O Nbd7 10. Qe2 h6 11. Bh4 O-O 12. b4 Nd5 13. bxc5 Nxc3 14. Qe1 bxc5 15. Nc4 Bxf3 16. gxf3 g5 17. Qxc3 gxh4 18.
Kh1 cxd4 19. exd4 Rc8 20. Rg1 e6 21. d5 Ne5 22. f4 Qf6 23. Rxg7+ Kxg7 24. fxe5 Qf3+ 25.
Kg1 exd5 26. exd6+ f6 27. d7 dxc4 28. dxc8=Q Rxc8 29. Qb4 cxd3 30. h3 Rg8 0-1

[Event "Early-Titled-Tuesday-Blitz-May-14-2024"]
[Site "Chess.com"]
[Date "2024.05.14"]
[Round "9"]
[White "rhwr"]
[Black "KirAk47"]
[Result "0-1"]
[WhiteElo "2327"]
[BlackElo "2447"]
[TimeControl "180+1"]
[EndTime "9:46:38 PDT"]
[Termination "KirAk47 won by resignation"]

1. e4 c6 2. d4 d5 3. Nc3 dxe4 4. Nxe4 Nf6 5. Nxf6+ exf6 6. Nf3 Bd6 7. Bd3 O-O 8.
O-O Qc7 9. h3 Nd7 10. Nh4 g6 11. Re1 f5 12. Bh6 Rd8 13. c4 Bh2+ 14. Kh1 Bf4 15.
Nxf5 gxf5 16. Qh5 Bxh6 17. Qxh6 Nf8 18. Re3 Ng6 19. Rae1 Be6 20. Rg3 Rxd4 21. Rxe6 fxe6 22.
Rxg6+ hxg6 23. Qxg6+ Qg7 24. Qxe6+ Kh8 25. Qxf5 Rxd3 26.
Qxd3 Re8 27. b3 Re1+ 28. Kh2 Qe5+ 29. g3 Qf6 30. f4 Qb2+ 0-1

[Event "Early-Titled-Tuesday-Blitz-May-14-2024"]
[Site "Chess.com"]
[Date "2024.05.14"]
[Round "9"]
[White "AlmasRakhmatullaev"]
[Black "Ginger_GM"]
[Result "0-1"]
[WhiteElo "2852"]
[BlackElo "2681"]
[TimeControl "180+1"]
[EndTime "9:46:39 PDT"]
[Termination "Ginger_GM won by checkmate"]

1. e4 d6 2. d4 Nf6 3. Nc3 Nbd7 4. Be3 e5 5. f3 Be7 6. Qd2 c6 7. O-O-O O-O 8. g4 b5 9. h4 b4 10. Nb1 exd4 11. Bxd4 c5 12. Be3 Ne5 13. h5 Be6 14. g5 Nfd7 15. f4 Bxa2 16. fxe5 Nxe5 17. Be2 Qa5 18. Nf3 Be6 19. Nxe5 dxe5 20. g6 Qa1 21. gxf7+ Bxf7 22. b3 c4 23. Bxc4 Bxc4 24. bxc4 b3 25. Qc3 Ba3+ 26. Kd2 Bb2 27. Qxb3 Rab8 28. Bb6 Rxb6 29. Qg3 Bd4 30. h6 g6 31. Rdf1 Rxf1 32.
Rxf1 Rxb1 33. Qg4 Qc3+ 34. Ke2 Qe3# 0-1

[Event "Early-Titled-Tuesday-Blitz-May-14-2024"]
[Site "Chess.com"]
[Date "2024.05.14"]
[Round "9"]
[White "The_Machine04"]
[Black "MdChess1734"]
[Result "1-0"]
[WhiteElo "2685"]
[BlackElo "2420"]
[TimeControl "180+1"]
[EndTime "9:46:40 PDT"]
[Termination "The_Machine04 won on time"]

1. d4 Nf6 2. Nf3 e6 3. Nbd2 c5 4. e3 b6 5. Bd3 Bb7 6. O-O Be7 7. b3 O-O 8. Bb2 cxd4 9. exd4 Nc6 10. a3 Nd5 11.
Re1 f5 12. c4 Nf4 13. Bf1 Bf6 14. Rb1 Rc8 15. b4 Ne7 16. g3 Nfg6 17. Bg2 Qc7 18. Qb3 b5 19. cxb5 Bd5 20. Qd3 Qb7 21. a4 Rc7 22.
Rbc1 Rfc8 23. Rxc7 Rxc7 24. Rc1 Rxc1+ 25. Bxc1 a6 26.
bxa6 Qxb4 27. Qb5 Qc3 28. Bb2 Qc7 29. Ba3 Nc6 30. Bc5 d6 31. Bb6 Qb8 32. h4 Nge7 33. Ng5 Bxg2 34. Kxg2 Qa8 35. Ndf3 Nxd4 36. Bxd4 Bxd4 37.
Qb7 Qa7 38. Nxd4 1-0

[Event "Early-Titled-Tuesday-Blitz-May-14-2024"]
[Site "Chess.com"]
[Date "2024.05.14"]
[Round "9"]
[White "mostafa_sakha"]
[Black "noblerone"]
[Result "0-1"]
[WhiteElo "2341"]
[BlackElo "2509"]
[TimeControl "180+1"]
[EndTime "9:46:40 PDT"]
[Termination "noblerone won by resignation"]

1. d4 d5 2. c4 c6 3. Nf3 Nf6 4. Nc3 dxc4 5. e4 b5 6. Be2 e6 7. O-O Be7 8. a4 b4 9. e5 bxc3 10. exf6 Bxf6 11. bxc3 c5 12. Ba3 cxd4 13. Nxd4 Be7 14.
Bf3 Bxa3 15. Rxa3 Qe7 16. Nc6 Nxc6 17. Bxc6+ Bd7 18. Qf3 O-O 19. Raa1 Rab8 20. Rfd1 Rfd8 21. Bxd7 Rxd7 22. Qc6 Rc7 23. Qa6 g6 24. Rd4 Qa3 25. Rad1 Qxc3 26. Qd6 Rcb7 27. Qe5 Rb1 28. Rd8+ Rxd8 0-1

[Event "Early-Titled-Tuesday-Blitz-May-14-2024"]
[Site "Chess.com"]
[Date "2024.05.14"]
[Round "9"]
[White "azikom"]
[Black "ernestina08chess"]
[Result "1-0"]
[WhiteElo "2706"]
[BlackElo "2323"]
[TimeControl "180+1"]
[EndTime "9:46:43 PDT"]
[Termination "azikom won by checkmate"]

1. c4 e6 2. g3 Nf6 3. Bg2 d5 4. Nf3 Be7 5. O-O O-O 6. b3 c5 7.
Bb2 Nc6 8. e3 d4 9. exd4 cxd4 10. Re1 a5 11. Na3 Bc5 12. d3 Nd7 13. Nb5 e5 14. a3 f6 15. Nd2 Re8 16. h4 Nb6 17. Ne4 Bf8 18. Qh5 Be6 19. Bc1 Bf7 20. Qf3 Qd7 21. Bd2 Nc8 22. Qxf6 Bg6 23. Qf3 Be7 24. h5 Rf8 25. Qe2 Bf5 26. h6 g6 27.
Qd1 Bg4 28. Qc1 Bd8 29. b4 N6e7 30. Bg5 Nf5 31. Bxd8 Qxd8 32. bxa5 Nfe7 33. Rb1 Rf5 34. Nc5 Rh5 35. Nxb7 Qf8 36. N7d6 Nxd6 37. Nxd6 Ra6 38. Ne4 Rxh6 39. Rb8 Qxb8 40. Qxh6 Nf5 41. Qg5 Bh5 42. Nf6+ Rxf6 43. Qxf6 Qa7 44. Qxe5 Bg4 45. Bd5+ Kf8 46. Qh8# 1-0

[Event "Early-Titled-Tuesday-Blitz-May-14-2024"]
[Site "Chess.com"]
[Date "2024.05.14"]
[Round "9"]
[White "DominguezOnYoutube"]
[Black "Polish_fighter3000"]
[Result "1-0"]
[WhiteElo "3030"]
[BlackElo "3102"]
[TimeControl "180+1"]
[EndTime "9:46:45 PDT"]
[Termination "DominguezOnYoutube won on time"]

1. e4 c5 2. Nf3 Nf6 3. e5 Nd5 4. Nc3 Nxc3 5. dxc3 Nc6 6. Bf4 Qb6 7. b3 e6 8. Nd2 Qc7 9. Nc4 b6 10. Qg4 h5 11. Qg3 h4 12. Qg4 g6 13. Bd3 Bb7 14. O-O-O Na5 15. Nd6+ Bxd6 16. exd6 Qc8 17. Bxg6 Nc6 18.
Be4 Kf8 19. Bxc6 Bxc6 20. Be5 Rg8 21. Qxh4 Qd8 22. Bf6 Qc8 23. Be7+ Kg7 24. Bf6+ Kf8 25. Qh6+ Ke8 26. Qh7 Rf8 27. Be7 Qa6 28. Qg7 1-0

[Event "Early-Titled-Tuesday-Blitz-May-14-2024"]
[Site "Chess.com"]
[Date "2024.05.14"]
[Round "9"]
[White "Zurability"]
[Black "nrvisakh"]
[Result "1-0"]
[WhiteElo "2839"]
[BlackElo "2917"]
[TimeControl "180+1"]
[EndTime "9:46:45 PDT"]
[Termination "Zurability won on time"]

1. e4 d5 2. exd5 Qxd5 3. Nc3 Qd6 4. Nf3 c6 5. Bc4 Be6 6. Bb3 g6 7. O-O Bxb3 8. axb3 Bg7 9. Re1 Nf6 10. d3 O-O 11. Ra4 Nbd7 12. Bf4 e5 13. Nxe5 Nh5 14. Nxd7 Qxd7 15.
Bd2 Bd4 16. Be3 Be5 17. Rxa7 Rae8 18. Ra4 b5 19. Rh4 f5 20. Bc5 Bxc3 21. bxc3 Rxe1+ 22. Qxe1 Re8 23. Qf1 f4 24. g3 Qf5 25. b4 f3 26. Be3 Qf6 27. Rd4 Ng7 28. Qd1 Ne6 29. Re4 1-0

[Event "Early-Titled-Tuesday-Blitz-May-14-2024"]
[Site "Chess.com"]
[Date "2024.05.14"]
[Round "9"]
[White "Casablanca"]
[Black "Artemiki"]
[Result "0-1"]
[WhiteElo "2703"]
[BlackElo "2623"]
[TimeControl "180+1"]
[EndTime "9:46:45 PDT"]
[Termination "Artemiki won by checkmate"]

1. d4 Nf6 2. Bg5 d5 3. Bxf6 gxf6 4. e3 e6 5. c4 c6 6. Nc3 f5 7. Nf3 Nd7 8. cxd5 cxd5 9. Qa4 a6 10. h3 Rb8 11. g4 b5 12. Qb3 fxg4 13. hxg4 b4 14.
Na4 Nf6 15. Ne5 Bd7 16. Rc1 Bd6 17. Nc6 Bxc6 18. Rxc6 Nxg4 19. Bxa6 h5 20. Be2 Nf6 21. Qc2 h4 22. Rh3 Ne4 23. Nb6 Ng5 24. Rh1 h3 25. Nc8 Be7 26. Nxe7 Kxe7 27. Rc7+ Kf6 28. Qc6 Rc8 29. Rxc8 Qxc8 30. Qd6 Qc1+ 31. Bd1 Ne4 32. Qe5+ Ke7 33. Ke2 Qd2+ 34. Kf3 Qxf2+ 35. Kg4 f5+ 36. Qxf5 Qxf5# 0-1

[Event "Early-Titled-Tuesday-Blitz-May-14-2024"]
[Site "Chess.com"]
[Date "2024.05.14"]
[Round "9"]
[White "Acva-Alenok"]
[Black "Shuvalov"]
[Result "0-1"]
[WhiteElo "2369"]
[BlackElo "2538"]
[TimeControl "180+1"]
[EndTime "9:46:45 PDT"]
[Termination "Shuvalov won on time"]

1. d4 Nf6 2. c4 g6 3. Nf3 Bg7 4. g3 c6 5. Bg2 d5 6. O-O O-O 7. b3 dxc4 8. bxc4 c5 9. Bb2 Qb6 10. Qb3 Ne4 11. Ne5 Nd6 12. Nd2 cxd4 13. Qxb6 axb6 14.
Bxd4 Nd7 15. f4 Nxe5 16. fxe5 Nf5 17. e3 Bh6 18. Rxf5 gxf5 19. Nb3 Ra4 20. c5 Be6 21. Rb1 bxc5 22. Nxc5 Rxa2 23. Nxe6 fxe6 24. Rxb7 Rc8 25. Rxe7 Rc1+ 26. Bf1 Rc6 27. Re8+ Kf7 28. Rb8 Bf8 29.
Rb7+ Kg6 30. Rb8 Bc5 31. Rg8+ Kf7 32. Rh8 Kg7 33. Rd8 Bxd4 34. exd4 Rc1 35. d5 exd5 0-1

[Event "Early-Titled-Tuesday-Blitz-May-14-2024"]
[Site "Chess.com"]
[Date "2024.05.14"]
[Round "9"]
[White "juancruzarias"]
[Black "SuperJesus88"]
[Result "0-1"]
[WhiteElo "2682"]
[BlackElo "2559"]
[TimeControl "180+1"]
[EndTime "9:46:46 PDT"]
[Termination "SuperJesus88 won by resignation"]

1. d4 d6 2. e4 Nf6 3. Nc3 e5 4. Nf3 Nbd7 5. Bc4 Be7 6. dxe5 dxe5 7. Ng5 O-O 8. Bxf7+ Rxf7 9. Ne6 Qe8 10. Nxc7 Qd8 11.
Nxa8 b6 12. Nd5 Bb7 13. Nac7 Bc5 14. Ne6 Bxf2+ 15. Kxf2 Nxe4+ 16. Kg1 Qh4 17. Be3 Nf2 18. Qd2 Nxh1 19. Kxh1 h6 20. b3 Qe4 21. c4 Nf6 22.
Nxf6+ Rxf6 23. Nd8 Rd6 24. Qf2 Rxd8 25. Qg3 Rd6 26.
Rf1 Rg6 27. Qf3 Rxg2 28. Kxg2 Qg4+ 0-1